 Dungeon Crawl Stone Soup version 0.28-a0-1555-g9ae15a6949 (webtiles) character file.

Game seed: 17988389710479483647

4 HallandMoats the Skirmisher (level 1, 0/19 HPs)
             Began as a Ghoul Monk on Jan 19, 2022.
             Slain by a bat (1 damage)
             ... on level 1 of the Dungeon.
             The game lasted 00:00:10 (51 turns).

HallandMoats the Skirmisher (Ghoul Monk)              Turns: 51, Time: 00:00:10

Health: 0/19       AC:  2    Str: 14    XL:     1   Next: 60%
Magic:  0/0        EV: 12    Int:  5    God:
Gold:   0          SH:  0    Dex: 11    Spells: 0/0 levels left

rFire   . . .      SeeInvis .   a - +0 hand axe
rCold   + . .      Faith    .   (no shield)
rNeg    + + +      Spirit   .   b - +0 robe
rPois   ∞          Reflect  .   (no helmet)
rElec   .          Harm     .   (no cloak)
rCorr   .          Rampage  .   (no gloves)
Will    .....                   (no boots)
Stlth   ++........              (no amulet)
HPRegen 0.00/turn               (no ring)
MPRegen 0.07/turn               (no ring)

@: inhibited regen
A: claws 1, cold resistance 1, negative energy resistance 3, inhibited
regeneration, torment resistance 2
a: no special abilities


You were on level 1 of the Dungeon.
You visited 1 branch of the dungeon, and saw 1 of its levels.

Inventory:

Hand Weapons
 a - a +0 hand axe (weapon)
Armour
 b - a +0 robe (worn)
Potions
 c - 2 potions of heal wounds {unknown}


   Skills:
 + Level 3.3 Fighting
 * Level 2.8 Axes
 + Level 0.2 Armour
 + Level 2.7 Dodging
 - Level 2.1 Stealth


You couldn't memorise any spells.
You didn't know any spells.
Your spell library was empty.

Dungeon Overview and Level Annotations

Branches:
Dungeon (1/15)

Altars:


Innate Abilities, Weirdness & Mutations

You thrive by killing the living.
You are immune to poison.
You have sharp fingernails.
Your flesh is cold resistant. (rC+)
You are immune to negative energy. (rN+++)
You do not regenerate when monsters are visible.
You are immune to unholy pain and torment.


Message History

The jackal bites you but does no damage.
The bat closely misses you.
The jackal bites you but does no damage.
You hit the jackal.
You kill the jackal!
You feel better.
You miss the bat. The bat misses you. The bat barely misses you.
The bat hits you but does no damage.
You hit the jackal.
The jackal is lightly wounded.
You barely miss the bat. The bat misses you. The jackal barely misses you.
The jackal bites you.
You hit the jackal.
The jackal is heavily wounded.
The bat barely misses you. The jackal bites you.
* * * LOW HITPOINT WARNING * * *
The bat closely misses you.
The jackal bites you but does no damage.
You barely miss the jackal.
The jackal is heavily wounded.
You hit the bat. The bat hits you.
* * * LOW HITPOINT WARNING * * *
The bat closely misses you. The jackal barely misses you.
You closely miss the jackal.
The jackal is heavily wounded.
You closely miss the bat. The bat barely misses you.
The jackal closely misses you. The jackal misses you.
You miss the jackal.
The jackal is heavily wounded.
You miss the bat. The bat barely misses you. The jackal barely misses you.
The bat closely misses you.
You closely miss the jackal.
The jackal is heavily wounded.
You barely miss the bat. The bat barely misses you. The jackal bites you.
* * * LOW HITPOINT WARNING * * *
The jackal closely misses you.
You hit the jackal but do no damage.
The jackal is heavily wounded.
You closely miss the bat. The bat barely misses you.
The jackal closely misses you. The bat hits you.
You die...

##.....#...#
#...######.#
##..#### .#
#......## # #
#.####..# ##.## #.
##.####...... ..
#....#.....# ##
######.......#
#.@hh......###
.......b###.....##
########.......?#
..#####....: ...##
#.### ## .# .#


You could see 2 jackals and a bat.

Vanquished Creatures
  A ball python (D:1)
  2 jackals (D:1)
3 creatures vanquished.

Notes
Turn   | Place    | Note
-------+----------+-------------------------------------------
     0 | D:1      | HallandMoats the Ghoul Monk began the quest for the Orb.
     0 | D:1      | Reached XP level 1. HP: 19/19 MP: 0/0
    51 | D:1      | Slain by a bat

Illustrated notes

Levels and vault maps discovered:
D:1:      scummos_arrival_simple_fountains, layout_rooms

Action                   || total
-------------------------++-------
Melee: Hand axe          ||    13
Armor: Robe              ||     6
Dodge: Dodged            ||    28

Table legend: (Time is in decaauts)
 A = Elapsed time spent in this place.
 B = Non-inter-level travel time spent in this place.
 C = Inter-level travel time spent in this place.
 D = Time resting spent in this place.
 E = Time spent auto-exploring this place.
 F = Levels seen in this place.
 G = Mean time per level.
                   A        B        C        D        E       F      G
               +--------+--------+--------+--------+--------+-----+--------+
         Total |     52 |     52 |      0 |      0 |     23 |   1 |   52.0 |
       Dungeon |     52 |     52 |      0 |      0 |     23 |   1 |   52.0 |
               +--------+--------+--------+--------+--------+-----+--------+

Top non-repeatable levels by time:
     D:1: 52 daAuts
